Map: Galactic Process LE

Players

Gracz

  • Race: Protoss Protoss
  • League: Silver

Turbosatan - Winner!

  • Race: Zerg Zerg
  • League: Silver

VOD

Have the link to the VOD?

Description

Time

  • Played on: Oct. 14, 2016, 11:44 a.m.
  • Length: 5:06
Show
View Real Time Build Order
Export as new Build Order

Gracz Protoss 

Build Orders:  

Get SALT Encoding   

  12  0:01  Probe (Chrono Boost)  
  13  0:14  Pylon  
  13  0:26  Assimilator  
  13  0:30  Pylon  
  13  0:33  Probe (Chrono Boost)  
  14  0:44  Probe (Chrono Boost)  
  15  0:54  Probe (Chrono Boost)  
  16  1:02  Gateway  
  16  1:07  Gateway  
  16  1:19  Gateway  
  16  1:25  Probe (Chrono Boost)  
  17  1:35  Probe (Chrono Boost)  
  18  1:46  Probe (Chrono Boost)  
  18  1:47  Pylon  
  19  1:52  Cybernetics Core  
  19  1:58  Probe (Chrono Boost)  
  20  2:09  Probe (Chrono Boost)  
  21  2:18  Gateway x2  
  21  2:22  Assimilator  
  21  2:31  Warp Gate  
  21  2:43  Stalker  
  21  2:45  Stalker  
  6  4:01  Probe (Chrono Boost)  
  7  4:12  Stalker  
  7  4:13  Probe (Chrono Boost)  
  4  4:25  Probe (Chrono Boost)  
  3  4:37  Probe (Chrono Boost)  
  2  4:55  Stalker  
Show
View Real Time Build Order
Export as new Build Order

Turbosatan Zerg - Winner!

Build Orders: Pool First 

Get SALT Encoding   

  12  0:01  Drone  
  13  0:11  Drone  
  14  0:27  Spawning Pool  
  13  0:29  Extractor  
  13  0:32  Drone  
  13  0:40  Overlord  
  13  0:46  Drone  
  14  1:00  Drone x2  
  16  1:10  Drone  
  17  1:20  Drone  
  17  1:22  Queen  
  20  1:26  Zergling x2  
  20  1:30  Metabolic Boost  
  21  1:37  Zergling x2  
  22  1:51  Overlord  
  22  2:12  Drone  
  22  2:15  Hatchery  
  22  2:22  Zergling x4  
  24  2:32  Zergling x6  
  24  2:33  Zergling x2  
  29  2:58  Zergling x4  
  28  3:22  Zergling x4  
  26  3:47  Zergling x8  
  26  3:55  Zergling x2  
  26  3:56  Zergling x4  
  26  3:59  Queen x2  
  26  4:01  Overlord x2  
  33  4:09  Evolution Chamber  
  32  4:12  Zergling x6  
  35  4:21  Zergling x4  
  37  4:34  Zergling x4  
Tags
 
Add a new tag
Caveats
  • Supply blocks, unpowered buildings, or Contaminate may cause inaccurate times.
  • Supply counts are checked every 10 seconds.